Thunder vs Ice Dragons
Created - 12 décembre 2015 at 22:14
Goals
|
| Thunder |
2 |
0 |
0 |
0 |
2 |
| Ice Dragons |
1 |
0 |
1 |
1 |
3 |
|
Shots
|
| Thunder |
6 |
6 |
4 |
0 |
16 |
| Ice Dragons |
5 |
18 |
7 |
1 |
31 |
|
1st period
1. Thunder , Dany Roussin 12 (Pierre-Alexandre Parenteau, Brandon Mashinter) at 0:35
2. Thunder , Matt Martin 7 (Joey Ryan) at 18:23
3. Ice Dragons , Oskar Osala 13 (Joe Callahan, Niklas Sundstrom) at 19:08 (PP)
Penalties :
Jannik Hansen (TRO) for Hooking (Minor) at 7:45, Tom Pyatt (TRO) for High sticking (Double Minor) at 18:31
2nd period
No Goal
Penalties :
Michael Latta (Kin) for Tripping (Minor) at 8:22, Adam Hall (TRO) for Hooking (Minor) at 13:42
3rd period
4. Ice Dragons , Michael Latta 5 (Jordan LaVallee, Raymond Sawada) at 1:44
Penalties :
No Penalty
Overtime #1
5. Ice Dragons , Cal Clutterbuck 16 (Boris Valabik, Patrick O'Sullivan) at 0:07
Penalties :
No Penalty
Goalie Stats
Corey Crawford (TRO), 28 saves from 31 shots - (0,903), OTL, 12-9-2, 60:07 minutes
Justin Pogge (Kin), 14 saves from 16 shots - (0,875), W, 11-5-3, 60:07 minutes
Players Stats for Thunder
Player Name G A P +/- PIM S H SB GA TA FO MP PP MP PK MP
------------------------------------------------------------------------------------
Adam Hall 0 0 0 -1 2 2 1 1 1 0 0/2 20:29 0:54 2:59
Bobby Farnham 0 0 0 0 0 0 0 0 0 0 0/0 0:06 0:00 0:00
Brandon Mashinter 0 1 1 1 0 1 3 0 0 2 3/7 17:22 0:50 0:56
Brett Festerling 0 0 0 0 0 1 0 0 0 2 0/0 16:49 1:01 1:55
Dalton Smith 0 0 0 0 0 1 1 0 0 0 0/0 13:38 0:22 1:02
Dany Roussin 1 0 1 1 0 4 2 1 1 1 1/2 18:47 0:41 2:24
David Fischer 0 0 0 0 0 0 1 0 0 0 0/0 16:49 1:01 1:55
Derek Forbort 0 0 0 0 0 0 0 0 0 0 0/0 0:00 0:00 0:00
Dmitri Orlov 0 0 0 0 0 0 0 0 0 0 0/0 12:56 0:00 0:12
Jannik Hansen 0 0 0 0 2 2 2 0 1 1 1/6 16:32 0:16 2:18
Jesse Blacker 0 0 0 0 0 0 0 0 0 0 0/0 7:46 0:00 0:12
Joey Ryan 0 1 1 0 0 0 0 4 0 0 0/0 22:48 0:58 4:27
Jon Kalinski 0 0 0 0 0 0 0 0 0 0 0/0 1:36 0:00 0:09
Kelly Zajac 0 0 0 0 0 0 0 0 0 0 2/8 10:32 0:03 0:00
Mat Clark 0 0 0 0 0 0 0 1 0 0 0/0 12:44 0:00 0:00
Matt Generous 0 0 0 0 0 1 0 1 0 1 0/0 22:48 0:58 4:27
Matt Martin 1 0 1 -1 0 1 2 0 0 2 2/6 19:07 0:43 0:00
Pierre-Alexandre Parente 0 1 1 1 0 0 1 0 0 0 0/0 15:33 0:28 0:52
Robin Leblanc 0 0 0 0 0 0 0 1 0 0 0/0 15:17 0:44 0:00
Scott Parse 0 0 0 0 0 0 0 0 0 0 1/3 4:49 0:00 0:57
Taylor Doherty 0 0 0 0 0 0 0 0 0 0 0/0 7:34 0:00 0:00
Tom Pyatt 0 0 0 0 4 3 1 0 0 0 8/14 19:49 0:56 1:31
Players Stats for Ice Dragons
Player Name G A P +/- PIM S H SB GA TA FO MP PP MP PK MP
------------------------------------------------------------------------------------
Boris Valabik 0 1 1 0 0 1 2 1 1 1 0/0 25:44 4:23 1:12
Cal Clutterbuck 1 0 1 1 0 5 3 0 3 0 1/1 19:08 3:09 0:56
Danny Syvret 0 0 0 0 0 0 0 0 0 0 0/0 19:38 2:11 0:38
Francis Bouillon 0 0 0 0 0 1 1 1 1 0 0/0 19:04 2:11 0:38
Joe Callahan 0 1 1 0 0 1 0 1 0 0 0/0 21:18 4:23 1:12
Jonathan Blum 0 0 0 0 0 0 0 0 0 1 0/0 14:33 0:00 0:00
Jordan LaVallee 0 1 1 0 0 4 0 0 1 0 1/1 15:37 0:14 0:22
Michael Latta 1 0 1 0 2 3 0 0 0 0 7/8 14:14 0:00 0:00
Niklas Sundstrom 0 1 1 -1 0 1 2 0 1 0 0/0 19:19 3:11 0:29
Oskar Osala 1 0 1 -1 0 4 3 0 0 0 0/1 18:45 3:11 0:00
Patrick O'Sullivan 0 1 1 1 0 2 0 0 0 0 16/28 22:38 3:17 0:55
Petr Vrana 0 0 0 0 0 2 0 0 0 0 0/0 9:18 0:14 0:00
Raymond Sawada 0 1 1 0 0 1 2 0 1 0 0/0 14:53 0:06 0:25
Ryan Reaves 0 0 0 0 0 0 1 0 0 0 0/0 7:02 0:00 0:00
Slava Voynov 0 0 0 0 0 0 0 1 0 0 0/0 5:12 0:00 0:09
Troy Brouwer 0 0 0 0 0 5 2 0 1 1 1/1 18:13 3:09 0:29
Tyler Eckford 0 0 0 0 0 0 0 0 0 0 0/0 14:45 0:00 0:09
Tyler Haskins 0 0 0 -1 0 1 2 0 0 0 4/8 19:07 3:11 0:22
3 Stars
1 - Cal Clutterbuck (Kin)
2 - Dany Roussin (TRO)
3 - Oskar Osala (Kin)
Power Play
Thunder - 0 on 1 Attempt(s) - 0,00%
Ice Dragons - 1 on 4 Attempt(s) - 25,00%
Penalty Kill
Thunder - 3 on 4 Attempt(s) - 75,00%
- Score 0 goal in Penalty Kill
Ice Dragons - 1 on 1 Attempt(s) - 100,00%
- Score 0 goal in Penalty Kill
Team Stat
Thunder - Hits : 14 - Faceoff Wins : 18 - Blocked Shots : 9 - Penalty Minutes : 8
Ice Dragons - Hits : 18 - Faceoff Wins : 30 - Blocked Shots : 4 - Penalty Minutes : 2
Official
Referees : Sutherland Kelly and Jackson Dave
Linesman : Jay Sharrers and Mike Cvik
Game Notes
Scott Parse is injured at 12:50 of 1st period (Strained Left Elbow)
Finance
Level 1 -- Attendance: 1532 (76,60%) -- Ticket Income 53 620 $
Level 2 -- Attendance: 776 (77,60%) -- Ticket Income 11 640 $
Total Attendance: 2308 (76,93%)
Total Ticket Income: 65 260 $
Other Income: 3 263 $
Total Income: 68 523 $
Thunder
5 vs 5 Forward
Center Left Wing Right Wing Time % Phy DF OF
1 Tom Pyatt Scott Parse Adam Hall 40 1 2 2
2 Brandon Mashinter Dany Roussin Pierre-Alexandre Parentea30 1 2 2
3 Kelly Zajac Matt Martin Robin Leblanc 20 1 2 2
4 Scott Parse Dalton Smith Jannik Hansen 10 1 2 2
5 vs 5 Defense
Defense Defense Time % Phy DF OF
1 Matt Generous Joey Ryan 40 1 2 2
2 David Fischer Brett Festerling 30 1 2 2
3 Mat Clark Dmitri Orlov 20 1 2 2
4 Jesse Blacker Taylor Doherty 10 1 2 2
PowerPlay Forward
Center Left Wing Right Wing Time % Phy DF OF
1 Tom Pyatt Scott Parse Adam Hall 60 1 2 2
2 Brandon Mashinter Dany Roussin Pierre-Alexandre Parentea40 1 2 2
PowerPlay Defense
Defense Defense Time % Phy DF OF
1 Matt Generous Joey Ryan 60 1 2 2
2 David Fischer Brett Festerling 40 1 2 2
Penalty Kill 4 Players Forward
Center Wing Time % Phy DF OF
1 Scott Parse Adam Hall 60 1 2 2
2 Pierre-Alexandre ParenteaDany Roussin 40 1 2 2
Penalty Kill 4 Players Defense
Defense Defense Time % Phy DF OF
1 Matt Generous Joey Ryan 60 1 2 2
2 David Fischer Brett Festerling 40 1 2 2
Penalty Kill - 3 Players Forward
Forward Time % Phy DF OF
1 Scott Parse 60 1 2 2
2 Adam Hall 40 1 2 2
Penalty Kill - 3 Players Defense
Defense Defense Time % Phy DF OF
1 Matt Generous Joey Ryan 60 1 2 2
2 David Fischer Brett Festerling 40 1 2 2
4 vs 4 Forward
Center Wing Time % Phy DF OF
1 Scott Parse Adam Hall 60 1 2 2
2 Pierre-Alexandre ParenteaDany Roussin 40 1 2 2
4 vs 4 Defense
Defense Defense Time % Phy DF OF
1 Matt Generous Joey Ryan 60 1 2 2
2 David Fischer Brett Festerling 40 1 2 2
Last Minutes Offensive
Center Left Wing Right Wing Defense Defense
Tom Pyatt Scott Parse Adam Hall Matt Generous Joey Ryan
Last Minutes Defensive
Center Left Wing Right Wing Defense Defense
Tom Pyatt Scott Parse Adam Hall Matt Generous Joey Ryan
Goaltenders
Starting : Corey Crawford
Backup : Barry Brust
Extra Forwards
Normal : Matt Martin, Robin Leblanc, Jannik Hansen - PP : Matt Martin, Robin Leblanc - PK : Jannik Hansen
Extra Defensemen
Normal : Mat Clark, Dmitri Orlov, Jesse Blacker - PP : Mat Clark - PK : Dmitri Orlov, Jesse Blacker
Penalty Shots
Scott Parse, Adam Hall, Pierre-Alexandre Parenteau, Dany Roussin, Matt Martin
Ice Dragons
5 vs 5 Forward
Center Left Wing Right Wing Time % Phy DF OF
1 Patrick O'Sullivan Troy Brouwer Cal Clutterbuck 40 1 2 2
2 Tyler Haskins Oskar Osala Niklas Sundstrom 30 1 2 2
3 Michael Latta Jordan LaVallee Raymond Sawada 20 1 2 2
4 Patrick O'Sullivan Petr Vrana Ryan Reaves 10 1 2 2
5 vs 5 Defense
Defense Defense Time % Phy DF OF
1 Boris Valabik Joe Callahan 40 1 2 2
2 Francis Bouillon Danny Syvret 30 1 2 2
3 Jonathan Blum Tyler Eckford 20 1 2 2
4 Slava Voynov Boris Valabik 10 1 2 2
PowerPlay Forward
Center Left Wing Right Wing Time % Phy DF OF
1 Patrick O'Sullivan Troy Brouwer Cal Clutterbuck 60 1 2 2
2 Tyler Haskins Oskar Osala Niklas Sundstrom 40 1 2 2
PowerPlay Defense
Defense Defense Time % Phy DF OF
1 Boris Valabik Joe Callahan 60 1 2 2
2 Francis Bouillon Danny Syvret 40 1 2 2
Penalty Kill 4 Players Forward
Center Wing Time % Phy DF OF
1 Patrick O'Sullivan Cal Clutterbuck 60 1 2 2
2 Niklas Sundstrom Troy Brouwer 40 1 2 2
Penalty Kill 4 Players Defense
Defense Defense Time % Phy DF OF
1 Boris Valabik Joe Callahan 60 1 2 2
2 Francis Bouillon Danny Syvret 40 1 2 2
Penalty Kill - 3 Players Forward
Forward Time % Phy DF OF
1 Patrick O'Sullivan 60 1 2 2
2 Cal Clutterbuck 40 1 2 2
Penalty Kill - 3 Players Defense
Defense Defense Time % Phy DF OF
1 Boris Valabik Joe Callahan 60 1 2 2
2 Francis Bouillon Danny Syvret 40 1 2 2
4 vs 4 Forward
Center Wing Time % Phy DF OF
1 Patrick O'Sullivan Cal Clutterbuck 60 1 2 2
2 Niklas Sundstrom Troy Brouwer 40 1 2 2
4 vs 4 Defense
Defense Defense Time % Phy DF OF
1 Boris Valabik Joe Callahan 60 1 2 2
2 Francis Bouillon Danny Syvret 40 1 2 2
Last Minutes Offensive
Center Left Wing Right Wing Defense Defense
Patrick O'Sullivan Troy Brouwer Cal Clutterbuck Boris Valabik Joe Callahan
Last Minutes Defensive
Center Left Wing Right Wing Defense Defense
Patrick O'Sullivan Troy Brouwer Cal Clutterbuck Boris Valabik Joe Callahan
Goaltenders
Starting : Justin Pogge
Backup : Anders Nilsson
Extra Forwards
Normal : Jordan LaVallee, Petr Vrana, Raymond Sawada - PP : Jordan LaVallee, Petr Vrana - PK : Raymond Sawada
Extra Defensemen
Normal : Jonathan Blum, Tyler Eckford, Slava Voynov - PP : Jonathan Blum - PK : Tyler Eckford, Slava Voynov
Penalty Shots
Patrick O'Sullivan, Cal Clutterbuck, Niklas Sundstrom, Troy Brouwer, Oskar Osala
% Time on Ice - Thunder
Lines # - Real PCT - Wanted PCT - Time Play
Normal Forward
1 - 32% - 40% - 16:39
2 - 32% - 30% - 16:16
3 - 17% - 20% - 8:53
4 - 19% - 10% - 9:39
Normal Defense
1 - 34% - 40% - 17:16
2 - 27% - 30% - 13:53
3 - 25% - 20% - 12:44
4 - 15% - 10% - 7:34
PP Forward
1 - 76% - 60% - 1:31
2 - 24% - 40% - 0:28
PP Defense
1 - 49% - 60% - 0:58
2 - 51% - 40% - 1:01
PK Forward
1 - 87% - 60% - 5:42
2 - 13% - 40% - 0:52
PK Defense
1 - 71% - 60% - 4:39
2 - 29% - 40% - 1:55
PK3 Forward
1 - 0% - 60%
2 - 0% - 40%
PK3 Defense
1 - 0% - 60%
2 - 0% - 40%
44 Forward
1 - 100% - 60% - 0:07
2 - 0% - 40% - 0:00
44 Defense
1 - 100% - 60% - 0:07
2 - 0% - 40% - 0:00
Last Minute Offensive - 0:00
Last Minute Defensive - 0:00
Total
Forward - 60:07
Defense - 60:07
|
% Time on Ice - Ice Dragons
Lines # - Real PCT - Wanted PCT - Time Play
Normal Forward
1 - 29% - 40% - 14:49
2 - 35% - 30% - 17:47
3 - 23% - 20% - 11:58
4 - 13% - 10% - 6:53
Normal Defense
1 - 30% - 40% - 15:39
2 - 32% - 30% - 16:15
3 - 28% - 20% - 14:33
4 - 10% - 10% - 5:00
PP Forward
1 - 52% - 60% - 3:23
2 - 48% - 40% - 3:11
PP Defense
1 - 67% - 60% - 4:23
2 - 33% - 40% - 2:11
PK Forward
1 - 76% - 60% - 1:30
2 - 24% - 40% - 0:29
PK Defense
1 - 68% - 60% - 1:21
2 - 32% - 40% - 0:38
PK3 Forward
1 - 0% - 60%
2 - 0% - 40%
PK3 Defense
1 - 0% - 60%
2 - 0% - 40%
44 Forward
1 - 100% - 60% - 0:07
2 - 0% - 40% - 0:00
44 Defense
1 - 100% - 60% - 0:07
2 - 0% - 40% - 0:00
Last Minute Offensive - 0:00
Last Minute Defensive - 0:00
Total
Forward - 60:07
Defense - 60:07
|
Play by Play
1st period
0:01 of 1st period - Patrick O'Sullivan wins face-off versus Adam Hall in neutral zone.
0:35 of 1st period - Snap shot by Dany Roussin.
0:35 of 1st period - Goal by Dany Roussin - Thunder : 1 - Ice Dragons : 0.
0:36 of 1st period - Michael Latta wins face-off versus Kelly Zajac in neutral zone.
0:43 of 1st period - Wrist shot by Jordan LaVallee.
0:43 of 1st period - Shot Misses the Net.
0:58 of 1st period - Icing by Mat Clark.
0:59 of 1st period - Scott Parse wins face-off versus Patrick O'Sullivan in Thunder zone.
1:27 of 1st period - Oskar Osala is hit by Brandon Mashinter and loses puck.
1:44 of 1st period - Snap shot by Dany Roussin.
1:44 of 1st period - Deflect By Kelly Zajac.
1:44 of 1st period - Shot Blocked by Slava Voynov.
1:44 of 1st period - Puck is out of play.
1:45 of 1st period - Michael Latta wins face-off versus Kelly Zajac in Ice Dragons zone.
1:49 of 1st period - Off-side.
1:50 of 1st period - Troy Brouwer wins face-off versus Kelly Zajac in neutral zone.
2:07 of 1st period - Backhand shot by Matt Martin.
2:07 of 1st period - Shot Blocked by Francis Bouillon.
2:38 of 1st period - Wrist shot by Troy Brouwer.
2:38 of 1st period - Stopped by Corey Crawford without a rebound.
2:39 of 1st period - Tyler Haskins wins face-off versus Scott Parse in Thunder zone.
2:46 of 1st period - Snap shot by Niklas Sundstrom.
2:46 of 1st period - Shot Misses the Net.
3:04 of 1st period - Michael Latta is hit by Pierre-Alexandre Parenteau and loses puck.
3:29 of 1st period - Wrist shot by Patrick O'Sullivan.
3:29 of 1st period - Shot Misses the Net.
4:03 of 1st period - Niklas Sundstrom is hit by David Fischer.
4:04 of 1st period - Icing by Niklas Sundstrom.
4:05 of 1st period - Tyler Haskins wins face-off versus Tom Pyatt in Ice Dragons zone.
4:12 of 1st period - Slapshot by Oskar Osala.
4:12 of 1st period - Deflect By Tyler Haskins.
4:12 of 1st period - Shot Misses the Net.
4:12 of 1st period - Puck is out of play.
4:13 of 1st period - Dany Roussin wins face-off versus Patrick O'Sullivan in Thunder zone.
6:20 of 1st period - Snap shot by Oskar Osala.
6:20 of 1st period - Stopped by Corey Crawford without a rebound.
6:21 of 1st period - Brandon Mashinter wins face-off versus Tyler Haskins in Thunder zone.
7:32 of 1st period - Wrist shot by Dany Roussin.
7:32 of 1st period - Shot Blocked by Boris Valabik.
7:45 of 1st period - Minor Penalty to Jannik Hansen for Hooking.
7:46 of 1st period - Patrick O'Sullivan wins face-off versus Scott Parse in Thunder zone.
8:12 of 1st period - Matt Generous is hit by Oskar Osala and loses puck.
9:45 of 1st period - Penalty to Jannik Hansen is over, Jannik Hansen is back on ice.
11:17 of 1st period - Dany Roussin is hit by Niklas Sundstrom and loses puck.
12:31 of 1st period - Icing by Dany Roussin.
12:32 of 1st period - Patrick O'Sullivan wins face-off versus Brandon Mashinter in Thunder zone.
12:49 of 1st period - Scott Parse is hit by Boris Valabik and loses puck.
12:50 of 1st period - Scott Parse from Thunder is injured at 12:50 of 1st period (Strained Left Elbow).
12:51 of 1st period - Tom Pyatt wins face-off versus Patrick O'Sullivan in Thunder zone.
13:25 of 1st period - Slapshot by Troy Brouwer.
13:25 of 1st period - Shot Misses the Net.
14:51 of 1st period - Backhand shot by Dany Roussin.
14:51 of 1st period - Stopped by Justin Pogge without a rebound.
14:52 of 1st period - Michael Latta wins face-off versus Brandon Mashinter in Ice Dragons zone.
14:52 of 1st period - Michael Latta is hit by Brandon Mashinter.
15:24 of 1st period - Snap shot by Tom Pyatt.
15:24 of 1st period - Deflect By Adam Hall.
15:24 of 1st period - Stopped by Justin Pogge with a rebound.
15:26 of 1st period - Slapshot by Tom Pyatt.
15:26 of 1st period - Shot Misses the Net.
16:11 of 1st period - Slapshot by Petr Vrana.
16:11 of 1st period - Deflect By Patrick O'Sullivan.
16:11 of 1st period - Shot Misses the Net.
16:11 of 1st period - Puck is out of play.
16:12 of 1st period - Patrick O'Sullivan wins face-off versus Tom Pyatt in Thunder zone.
16:20 of 1st period - Icing by Brett Festerling.
16:21 of 1st period - Tom Pyatt wins face-off versus Oskar Osala in Thunder zone.
16:48 of 1st period - Snap shot by Tom Pyatt.
16:48 of 1st period - Stopped by Justin Pogge with a rebound.
16:50 of 1st period - Snap shot by Brandon Mashinter.
16:50 of 1st period - Shot Misses the Net.
16:52 of 1st period - Slapshot by Brett Festerling.
16:52 of 1st period - Stopped by Justin Pogge without a rebound.
16:53 of 1st period - Patrick O'Sullivan wins face-off versus Dany Roussin in Ice Dragons zone.
17:18 of 1st period - Tom Pyatt is hit by Oskar Osala.
17:23 of 1st period - Off-side.
17:24 of 1st period - Tom Pyatt wins face-off versus Tyler Haskins in neutral zone.
17:27 of 1st period - Snap shot by Tom Pyatt.
17:27 of 1st period - Shot Blocked by Joe Callahan.
17:49 of 1st period - Pierre-Alexandre Parenteau is hit by Cal Clutterbuck and loses puck.
17:54 of 1st period - Wrist shot by Cal Clutterbuck.
17:54 of 1st period - Stopped by Corey Crawford with a rebound.
18:10 of 1st period - Wrist shot by Francis Bouillon.
18:10 of 1st period - Stopped by Corey Crawford without a rebound.
18:11 of 1st period - Matt Martin wins face-off versus Michael Latta in Thunder zone.
18:23 of 1st period - Slapshot by Matt Martin.
18:23 of 1st period - Goal by Matt Martin - Thunder : 2 - Ice Dragons : 0.
18:24 of 1st period - Tom Pyatt wins face-off versus Patrick O'Sullivan in neutral zone.
18:31 of 1st period - Double Minor Penalty to Tom Pyatt for High sticking.
18:32 of 1st period - Patrick O'Sullivan wins face-off versus Jannik Hansen in Thunder zone.
18:36 of 1st period - Snap shot by Troy Brouwer.
18:36 of 1st period - Shot Misses the Net.
19:04 of 1st period - Snap shot by Niklas Sundstrom.
19:04 of 1st period - Shot Blocked by Joey Ryan.
19:06 of 1st period - Snap shot by Oskar Osala.
19:06 of 1st period - Shot Misses the Net.
19:08 of 1st period - Slapshot by Joe Callahan.
19:08 of 1st period - Deflect By Oskar Osala.
19:08 of 1st period - Goal by Oskar Osala - Thunder : 2 - Ice Dragons : 1.
19:09 of 1st period - Patrick O'Sullivan wins face-off versus Jannik Hansen in neutral zone.
19:34 of 1st period - Oskar Osala is hit by Adam Hall and loses puck.
19:41 of 1st period - Snap shot by Niklas Sundstrom.
19:41 of 1st period - Shot Misses the Net.
Goals for this period are 2 for Thunder vs 1 for Ice Dragons.
Shots for this period are 6 for Thunder vs 5 for Ice Dragons.
2nd period
0:01 of 2nd period - Jannik Hansen wins face-off versus Patrick O'Sullivan in neutral zone.
0:10 of 2nd period - Snap shot by Patrick O'Sullivan.
0:10 of 2nd period - Shot Blocked by Joey Ryan.
0:12 of 2nd period - Snap shot by Troy Brouwer.
0:12 of 2nd period - Stopped by Corey Crawford with a rebound.
0:14 of 2nd period - Snap shot by Cal Clutterbuck.
0:14 of 2nd period - Shot Blocked by Adam Hall.
0:16 of 2nd period - Slapshot by Boris Valabik.
0:16 of 2nd period - Stopped by Corey Crawford without a rebound.
0:17 of 2nd period - Tyler Haskins wins face-off versus Jannik Hansen in Thunder zone.
0:58 of 2nd period - Adam Hall is hit by Boris Valabik and loses puck.
1:08 of 2nd period - Penalty to Tom Pyatt is over, Tom Pyatt is back on ice.
1:13 of 2nd period - Slapshot by Niklas Sundstrom.
1:13 of 2nd period - Shot Misses the Net.
1:27 of 2nd period - Slapshot by Oskar Osala.
1:27 of 2nd period - Stopped by Corey Crawford without a rebound.
1:28 of 2nd period - Kelly Zajac wins face-off versus Patrick O'Sullivan in Thunder zone.
1:28 of 2nd period - Kelly Zajac is hit by Troy Brouwer.
1:44 of 2nd period - Wrist shot by Cal Clutterbuck.
1:44 of 2nd period - Shot Blocked by Joey Ryan.
1:54 of 2nd period - Raymond Sawada is hit by Jannik Hansen and loses puck.
2:20 of 2nd period - Slapshot by Dany Roussin.
2:20 of 2nd period - Stopped by Justin Pogge without a rebound.
2:21 of 2nd period - Patrick O'Sullivan wins face-off versus Adam Hall in Ice Dragons zone.
2:26 of 2nd period - Wrist shot by Tom Pyatt.
2:26 of 2nd period - Stopped by Justin Pogge with a rebound.
2:28 of 2nd period - Wrist shot by Adam Hall.
2:28 of 2nd period - Stopped by Justin Pogge without a rebound.
2:29 of 2nd period - Matt Martin wins face-off versus Patrick O'Sullivan in Ice Dragons zone.
2:42 of 2nd period - Wrist shot by Patrick O'Sullivan.
2:42 of 2nd period - Stopped by Corey Crawford without a rebound.
2:43 of 2nd period - Tom Pyatt wins face-off versus Patrick O'Sullivan in Thunder zone.
3:33 of 2nd period - Joe Callahan is hit by Matt Martin and loses puck.
3:50 of 2nd period - Tom Pyatt is hit by Ryan Reaves and loses puck.
5:01 of 2nd period - Slapshot by Troy Brouwer.
5:01 of 2nd period - Stopped by Corey Crawford with a rebound.
5:03 of 2nd period - Wrist shot by Cal Clutterbuck.
5:03 of 2nd period - Stopped by Corey Crawford with a rebound.
5:33 of 2nd period - Tyler Haskins is hit by Brandon Mashinter and loses puck.
5:57 of 2nd period - Snap shot by Troy Brouwer.
5:57 of 2nd period - Stopped by Corey Crawford with a rebound.
6:44 of 2nd period - Wrist shot by Jannik Hansen.
6:44 of 2nd period - Stopped by Justin Pogge with a rebound.
7:13 of 2nd period - Wrist shot by Petr Vrana.
7:13 of 2nd period - Stopped by Corey Crawford with a rebound.
7:15 of 2nd period - Wrist shot by Petr Vrana.
7:15 of 2nd period - Stopped by Corey Crawford with a rebound.
7:36 of 2nd period - Joey Ryan is hit by Cal Clutterbuck and loses puck.
8:22 of 2nd period - Minor Penalty to Michael Latta for Tripping.
8:23 of 2nd period - Patrick O'Sullivan wins face-off versus Matt Martin in Ice Dragons zone.
9:05 of 2nd period - Joe Callahan is hit by Dany Roussin and loses puck.
9:22 of 2nd period - Tom Pyatt is hit by Cal Clutterbuck and loses puck.
9:53 of 2nd period - Dalton Smith is hit by Francis Bouillon and loses puck.
10:00 of 2nd period - Slapshot by Jordan LaVallee.
10:00 of 2nd period - Stopped by Corey Crawford with a rebound.
10:22 of 2nd period - Penalty to Michael Latta is over, Michael Latta is back on ice.
10:32 of 2nd period - Snap shot by Oskar Osala.
10:32 of 2nd period - Shot Blocked by Matt Generous.
10:46 of 2nd period - Jannik Hansen is hit by Raymond Sawada and loses puck.
11:33 of 2nd period - Slapshot by Troy Brouwer.
11:33 of 2nd period - Shot Misses the Net.
12:00 of 2nd period - Icing by Slava Voynov.
12:01 of 2nd period - Tom Pyatt wins face-off versus Tyler Haskins in Ice Dragons zone.
13:07 of 2nd period - Oskar Osala is hit by Tom Pyatt and loses puck.
13:21 of 2nd period - Icing by Danny Syvret.
13:22 of 2nd period - Kelly Zajac wins face-off versus Patrick O'Sullivan in Ice Dragons zone.
13:23 of 2nd period - Snap shot by Matt Martin.
13:23 of 2nd period - Deflect By Brandon Mashinter.
13:23 of 2nd period - Stopped by Justin Pogge without a rebound.
13:24 of 2nd period - Patrick O'Sullivan wins face-off versus Brandon Mashinter in Ice Dragons zone.
13:33 of 2nd period - Snap shot by Cal Clutterbuck.
13:33 of 2nd period - Shot Blocked by Dany Roussin.
13:35 of 2nd period - Slapshot by Joe Callahan.
13:35 of 2nd period - Stopped by Corey Crawford with a rebound.
13:39 of 2nd period - Slapshot by Cal Clutterbuck.
13:39 of 2nd period - Stopped by Corey Crawford without a rebound.
13:40 of 2nd period - Tom Pyatt wins face-off versus Tyler Haskins in Thunder zone.
13:42 of 2nd period - Minor Penalty to Adam Hall for Hooking.
13:43 of 2nd period - Cal Clutterbuck wins face-off versus Jannik Hansen in Thunder zone.
13:47 of 2nd period - Wrist shot by Patrick O'Sullivan.
13:47 of 2nd period - Stopped by Corey Crawford without a rebound.
13:48 of 2nd period - Patrick O'Sullivan wins face-off versus Jannik Hansen in Thunder zone.
13:57 of 2nd period - Snap shot by Troy Brouwer.
13:57 of 2nd period - Shot Misses the Net.
14:19 of 2nd period - Dany Roussin is hit by Tyler Haskins.
15:17 of 2nd period - Joey Ryan is hit by Oskar Osala and loses puck.
15:42 of 2nd period - Penalty to Adam Hall is over, Adam Hall is back on ice.
16:05 of 2nd period - Robin Leblanc is hit by Raymond Sawada and loses puck.
17:36 of 2nd period - Off-side.
17:37 of 2nd period - Michael Latta wins face-off versus Brandon Mashinter in neutral zone.
19:05 of 2nd period - Slapshot by Boris Valabik.
19:05 of 2nd period - Shot Misses the Net.
19:17 of 2nd period - Snap shot by Cal Clutterbuck.
19:17 of 2nd period - Deflect By Brett Festerling.
19:17 of 2nd period - Stopped by Corey Crawford without a rebound.
19:18 of 2nd period - Patrick O'Sullivan wins face-off versus Kelly Zajac in Thunder zone.
19:21 of 2nd period - Snap shot by Patrick O'Sullivan.
19:21 of 2nd period - Shot Blocked by Robin Leblanc.
19:23 of 2nd period - Wrist shot by Cal Clutterbuck.
19:23 of 2nd period - Shot Misses the Net.
19:25 of 2nd period - Slapshot by Francis Bouillon.
19:25 of 2nd period - Shot Blocked by Mat Clark.
19:27 of 2nd period - Slapshot by Troy Brouwer.
19:27 of 2nd period - Stopped by Corey Crawford without a rebound.
19:28 of 2nd period - Tyler Haskins wins face-off versus Tom Pyatt in Thunder zone.
19:31 of 2nd period - Snap shot by Oskar Osala.
19:31 of 2nd period - Shot Misses the Net.
19:33 of 2nd period - Snap shot by Niklas Sundstrom.
19:33 of 2nd period - Stopped by Corey Crawford with a rebound.
19:39 of 2nd period - Snap shot by Niklas Sundstrom.
19:39 of 2nd period - Shot Misses the Net.
19:41 of 2nd period - Wrist shot by Oskar Osala.
19:41 of 2nd period - Stopped by Corey Crawford with a rebound.
19:43 of 2nd period - Snap shot by Tyler Haskins.
19:43 of 2nd period - Stopped by Corey Crawford without a rebound.
19:44 of 2nd period - Brandon Mashinter wins face-off versus Patrick O'Sullivan in Thunder zone.
19:44 of 2nd period - Brandon Mashinter is hit by Troy Brouwer.
19:54 of 2nd period - Snap shot by Dany Roussin.
19:54 of 2nd period - Stopped by Justin Pogge without a rebound.
19:55 of 2nd period - Tom Pyatt wins face-off versus Patrick O'Sullivan in Ice Dragons zone.
Goals for this period are 0 for Thunder vs 0 for Ice Dragons.
Shots for this period are 6 for Thunder vs 18 for Ice Dragons.
3rd period
0:01 of 3rd period - Patrick O'Sullivan wins face-off versus Tom Pyatt in neutral zone.
0:03 of 3rd period - Off-side.
0:04 of 3rd period - Patrick O'Sullivan wins face-off versus Tom Pyatt in neutral zone.
0:17 of 3rd period - Slapshot by Matt Generous.
0:17 of 3rd period - Stopped by Justin Pogge with a rebound.
0:54 of 3rd period - Wrist shot by Jannik Hansen.
0:54 of 3rd period - Stopped by Justin Pogge without a rebound.
0:55 of 3rd period - Michael Latta wins face-off versus Matt Martin in Ice Dragons zone.
0:55 of 3rd period - Michael Latta is hit by Matt Martin.
1:32 of 3rd period - Wrist shot by Raymond Sawada.
1:32 of 3rd period - Stopped by Corey Crawford with a rebound.
1:40 of 3rd period - Snap shot by Jordan LaVallee.
1:40 of 3rd period - Stopped by Corey Crawford with a rebound.
1:42 of 3rd period - Slapshot by Jordan LaVallee.
1:42 of 3rd period - Shot Misses the Net.
1:44 of 3rd period - Snap shot by Michael Latta.
1:44 of 3rd period - Goal by Michael Latta - Thunder : 2 - Ice Dragons : 2.
1:45 of 3rd period - Patrick O'Sullivan wins face-off versus Tom Pyatt in neutral zone.
2:11 of 3rd period - Brandon Mashinter is hit by Tyler Haskins and loses puck.
2:34 of 3rd period - Slapshot by Jordan LaVallee.
2:34 of 3rd period - Stopped by Corey Crawford with a rebound.
2:36 of 3rd period - Snap shot by Michael Latta.
2:36 of 3rd period - Stopped by Corey Crawford with a rebound.
2:38 of 3rd period - Snap shot by Michael Latta.
2:38 of 3rd period - Shot Blocked by Joey Ryan.
2:50 of 3rd period - Snap shot by Matt Generous.
2:50 of 3rd period - Shot Misses the Net.
5:02 of 3rd period - Off-side.
5:03 of 3rd period - Jordan LaVallee wins face-off versus Kelly Zajac in neutral zone.
5:29 of 3rd period - Snap shot by Tom Pyatt.
5:29 of 3rd period - Stopped by Justin Pogge with a rebound.
8:05 of 3rd period - Slava Voynov is hit by Jannik Hansen and loses puck.
8:16 of 3rd period - Backhand shot by Jordan LaVallee.
8:16 of 3rd period - Stopped by Corey Crawford with a rebound.
8:18 of 3rd period - Wrist shot by Michael Latta.
8:18 of 3rd period - Deflect By Brett Festerling.
8:18 of 3rd period - Stopped by Corey Crawford without a rebound.
8:19 of 3rd period - Michael Latta wins face-off versus Kelly Zajac in Thunder zone.
8:42 of 3rd period - Jannik Hansen is hit by Niklas Sundstrom and loses puck.
8:58 of 3rd period - Icing by David Fischer.
8:59 of 3rd period - Brandon Mashinter wins face-off versus Patrick O'Sullivan in Thunder zone.
10:05 of 3rd period - Joe Callahan is hit by Dany Roussin and loses puck.
12:10 of 3rd period - Wrist shot by Dalton Smith.
12:10 of 3rd period - Stopped by Justin Pogge with a rebound.
13:10 of 3rd period - Joe Callahan is hit by Dalton Smith.
18:58 of 3rd period - Icing by Brett Festerling.
18:59 of 3rd period - Michael Latta wins face-off versus Matt Martin in Thunder zone.
Goals for this period are 0 for Thunder vs 1 for Ice Dragons.
Shots for this period are 4 for Thunder vs 7 for Ice Dragons.
Overtime #1
0:01 of 1st overtime period - Patrick O'Sullivan wins face-off versus Matt Martin in neutral zone.
0:07 of 1st overtime period - Slapshot by Boris Valabik.
0:07 of 1st overtime period - Deflect By Cal Clutterbuck.
0:07 of 1st overtime period - Goal by Cal Clutterbuck - Thunder : 2 - Ice Dragons : 3.
Goals for this period are 0 for Thunder vs 1 for Ice Dragons.
Shots for this period are 0 for Thunder vs 1 for Ice Dragons.
Output by the SimonT Hockey Simulator (STHS) for François Prévost -- Original Page W3C XHTML 1.0 Valid